 Dungeon Crawl Stone Soup version 0.31.0-11-ge490571c62 (webtiles) character file.

Game seed: 2555162501720734184

56 Arcadio the Chiller (level 3, -1/24 HPs)
             Began as a Merfolk Ice Elementalist on Jan 31, 2024.
             Slain by a ribbon worm (3 damage)
             ... on level 2 of the Dungeon.
             The game lasted 00:02:09 (1078 turns).

Arcadio the Chiller (Merfolk Ice Elementalist)      Turns: 1078, Time: 00:02:10

Health: -1/24      AC:  2    Str:  8    XL:     3   Next: 95%
Magic:  0/7        EV: 13    Int: 16    God:
Gold:   52         SH:  0    Dex: 14    Spells: 6/7 levels left

rFire   . . .        d - +0 rapier (speed)
rCold   . . .        (no shield)
rNeg    . . .        a - +0 robe
rPois   .            (no helmet)
rElec   .            (no cloak)
rCorr   .            (no gloves)
SInv    .            (no boots)
Will    .....        (no amulet)
Stlth   ++           (no ring)
HPRegen 0.24/turn    (no ring)
MPRegen 0.10/turn

%: no passive effects
@: no status effects
A: (nimble swimmer 2), mertail
a: no special abilities


You were on level 2 of the Dungeon.
You visited 1 branch of the dungeon, and saw 2 of its levels.

You collected 52 gold pieces.

Inventory:

Hand Weapons
 c - a +0 dagger
 d - a +0 rapier of speed (weapon)
Armour
 a - a +0 robe (worn)
Jewellery
 f - a ring of flight
Scrolls
 e - a scroll of teleportation {unknown}
Potions
 b - 3 potions of magic


   Skills:
 + Level 3.9 Dodging
 - Level 2.1 Stealth
 + Level 2.7 Spellcasting
 + Level 4.9 Ice Magic


You had 6 spell levels left.
You knew the following spells:

 Your Spells              Type           Power      Damage    Failure   Level
a - Freeze                Ice            72%        1d8       2%          1

Your spell library contained the following spells:

 Spells                   Type           Power      Damage    Failure   Level
 Frozen Ramparts          Ice            36%        1d6       8%          3
 Ozocubu's Armour         Ice            18%        N/A       8%          3
 Summon Ice Beast         Ice/Summ       10%        N/A       22%         3


Dungeon Overview and Level Annotations

Branches:
Dungeon (2/15)

Altars:


Innate Abilities, Weirdness & Mutations

((You are very nimble when in or above water. (Stealth+, EV+, Speed+++)))
Your lower body shifts to a powerful aquatic tail in water.


Message History

The ribbon worm barely misses you.
You hit the jackal.
The jackal is severely wounded.
The jackal barely misses you. The jackal bites you.
You hit the jackal.
You kill the jackal!
The ribbon worm bites you.
Casting: Freeze (safe; 2% risk of failure)
Confirm with . or Enter, or press ? or * to list all spells.
Aiming: Freeze (safe; 2% risk of failure)
Press: ? - help, Shift-Dir - straight line, f/p - ribbon worm
Aim: a ribbon worm You freeze the ribbon worm.
The ribbon worm is lightly wounded.
The ribbon worm bites you!
Casting: Freeze (safe; 2% risk of failure)
Confirm with . or Enter, or press ? or * to list all spells.
Aiming: Freeze (safe; 2% risk of failure)
Press: ? - help, Shift-Dir - straight line, f/p - ribbon worm
Aim: a ribbon worm You freeze the ribbon worm.
The ribbon worm is lightly wounded.
The ribbon worm bites you.
* * * LOW HITPOINT WARNING * * *
Casting: Freeze (safe; 2% risk of failure)
Confirm with . or Enter, or press ? or * to list all spells.
Aiming: Freeze (safe; 2% risk of failure)
Press: ? - help, Shift-Dir - straight line, f/p - ribbon worm
Aim: a ribbon worm You freeze the ribbon worm.
The ribbon worm is moderately wounded.
Casting: Freeze (safe; 2% risk of failure)
Confirm with . or Enter, or press ? or * to list all spells.
Aiming: Freeze (safe; 2% risk of failure)
Press: ? - help, Shift-Dir - straight line, f/p - ribbon worm
Aim: a ribbon worm (moderately wounded)
You freeze the ribbon worm.
The ribbon worm is severely wounded.
The ribbon worm bites you.
You die...

.... #........# .
#.. #..###.### ..
#..#####..##....#
#.#...#.....##....#
#.......##.###....#
#.................#
#..##..#.#####....#
#. #.†.#.# #....#
#@#...#####....#
##w##..†..#######
###..#.......##
#...#.........#
#......w......##
####...........#...
##.......=......
#.........#....
#.........# ...


You could see a ribbon worm.

Vanquished Creatures
  An adder (D:2)
  4 bats
  4 endoplasms (D:1)
  8 goblins (D:1)
  5 hobgoblins
  2 jackals (D:2)
  A quokka (D:1)
  6 ball pythons (D:1)
  3 frilled lizards
  3 kobolds (D:1)
  7 rats (D:1)
44 creatures vanquished.

Notes
Turn   | Place    | Note
-------+----------+-------------------------------------------
     0 | D:1      | Arcadio the Merfolk Ice Elementalist began the quest for
                  | the Orb.
     0 | D:1      | Reached XP level 1. HP: 13/13 MP: 3/3
   163 | D:1      | Reached XP level 2. HP: 18/19 MP: 3/5
   458 | D:1      | Reached XP level 3. HP: 20/24 MP: 6/6
  1078 | D:2      | Slain by a ribbon worm

Illustrated notes

Levels and vault maps discovered:
D:1:      ncdulo_wetmaze, layout_basic, serial_forest,
          infiniplex_forest_zigzag_1, infiniplex_forest_fountain,
          infiniplex_forest_zigzag_1, infiniplex_forest_corner_2,
          chequers_serial_rivers_small_b, chequers_jeans, minmay_box_of_dots
D:2:      layout_rooms, kennysheep_generic_room_12, uniq_natasha

Skill      XL: |  1 |
---------------+----+-----
Dodging        | 3 |  3.9
Stealth        | |  2.1
Spellcasting   | |  2.7
Ice Magic      | |  4.9

Action                     || total
---------------------------++-------
  Melee: Unarmed           ||     7
         Rapier            ||    34
         Dagger            ||     5
         Punch             ||     1
   Cast: Freeze            ||    41
   Stab: Sleeping          ||     4
 Armour: Robe              ||    34
  Dodge: Dodged            ||    50
